 Dungeon Crawl Stone Soup version 0.26-a0-682-g294304f6e8 (webtiles) character file.

Game seed: 25181623881938870

44 Forecaster the Sneak (level 3, -1/30 HPs)
             Began as a Naga Hedge Wizard on Oct 20, 2020.
             Slain by a jackal (2 damage)
             ... on level 2 of the Dungeon.
             The game lasted 00:05:21 (2058 turns).

Forecaster the Sneak (Naga Hedge Wizard)            Turns: 2058, Time: 00:05:22

Health: -1/30      AC:  2    Str: 12    XL:     3   Next: 62%
Magic:  6/7        EV:  9    Int: 14    God:
Gold:   171        SH:  0    Dex: 11    Spells: 7/8 levels left

rFire    . . .     SeeInvis +   a - +0 dagger
rCold    . . .     Faith    .   (no shield)
rNeg     . . .     Spirit   .   d - +0 leather armour
rPois    +         Reflect  .   c - +0 hat
rElec    .         Harm     .   (no cloak)
rCorr    .         Rampage  .   (no gloves)
MR       .....                  (no barding)
Stlth    ++........             (no amulet)
HPRegen  0.10/turn              (no ring)
MPRegen  0.10/turn              (no ring)

@: very slow
A: large, see invisible, deformed body, poison resistance, slowness 2, spit
poison 1, AC +1
a: Spit Poison


You were on level 2 of the Dungeon.
You visited 1 branch of the dungeon, and saw 2 of its levels.

You collected 171 gold pieces.

Inventory:

Hand Weapons
 a - a +0 dagger (weapon)
 f - a +0 short sword
Armour
 b - a +0 robe
 c - a +0 hat (worn)
 d - a +0 leather armour (worn)
 e - a +0 leather armour
Scrolls
 g - 2 scrolls of magic mapping
 h - 2 scrolls of identify
 i - a scroll of remove curse


   Skills:
 + Level 0.4 Fighting
 + Level 1.1 Short Blades
 + Level 1.1 Armour
 + Level 1.7 Dodging
 + Level 3.4 Stealth
 + Level 3.3 Spellcasting
 + Level 1.1 Conjurations
   Level 1.0 Summonings
   Level 1.0 Translocations


You had 7 spell levels left.
You knew the following spells:

 Your Spells              Type           Power        Failure   Level
a - Magic Dart            Conj           #...         17%         1

Your spell library contained the following spells:

 Spells                   Type           Power        Failure   Level
 Blink                    Tloc           N/A          26%         2
 Call Imp                 Summ           #.......     26%         2
 Slow                     Hex            #.......     36%         2
 Conjure Flame            Conj/Fire      #.......     54%         3
 Mephitic Cloud           Conj/Pois/Air  #.......     56%         3


Dungeon Overview and Level Annotations

Branches:
Dungeon (2/15)

Altars:


Innate Abilities, Weirdness & Mutations

You cannot wear boots.
Your serpentine skin is tough. (AC +1)
You have supernaturally acute eyesight. (SInv)
Armour fits poorly on your strangely shaped body.
Your system is resistant to poisons. (rPois)
You cover ground very slowly.
You can spit poison.


Message History

You barely miss the jackal. The jackal barely misses you.
You barely miss the jackal. The jackal bites you. x2
The jackal bites you.
* * * LOW HITPOINT WARNING * * *
The jackal barely misses you. The jackal closely misses you.
The jackal bites you.
* * * LOW HITPOINT WARNING * * *
The jackal bites you.
* * * LOW HITPOINT WARNING * * *
The jackal bites you but does no damage.
The jackal bites you but does no damage.
You barely miss the jackal. The jackal bites you.
* * * LOW HITPOINT WARNING * * *
The jackal bites you but does no damage.
You aren't carrying any potions.
As you read the scroll labeled NEBLORA BEVUCO, it crumbles to dust.
It is a scroll of identify.
g - 2 scrolls of magic mapping The jackal bites you.
You die...

#.....# ##### ##.###.#
####...# ...# #.# #.. ...#
#### #.# ##.###..## # #.#
#..#.#...#
######.#######.†......#
'..>.............#.#....#
###.##.#########h###.##.....
# #.##'###### #@h...# .###
#..................... ..
##.....############.#.# ##
#......# #.# #.###### #.#
#.# ##.#### ...##<#
#####.##.. #. .


You could see 2 jackals.

Vanquished Creatures
  2 adders (D:2)
  2 leopard geckos (D:2)
  A giant cockroach (D:2)
  3 goblins
  6 hobgoblins
  2 jackals (D:1)
  A ball python (D:2)
  A bat (D:1)
  A frilled lizard (D:1)
  A kobold (D:1)
  4 rats
24 creatures vanquished.

Notes
Turn   | Place    | Note
-------+----------+-------------------------------------------
     0 | D:1      | Forecaster the Naga Hedge Wizard began the quest for the
                  | Orb.
     0 | D:1      | Reached XP level 1. HP: 15/15 MP: 4/4
    10 | D:1      | Noticed a centaur
   646 | D:1      | Reached XP level 2. HP: 10/22 MP: 6/6
  1480 | D:1      | You fall into a shaft and drop 1 floor!
  1505 | D:2      | Reached skill level 1 in Short Blades
  1606 | D:2      | Reached XP level 3. HP: 13/28 MP: 0/7
  1923 | D:2      | Reached skill level 1 in Armour
  2057 | D:2      | HP: 1/30 [jackal (3)]
  2058 | D:2      | Slain by a jackal

Illustrated notes

Levels and vault maps discovered:
D:1:      evilmike_arrival_come_back, layout_loops_corners
D:2:      layout_basic, minmay_pentomino_u2, uniq_terence, uniq_natasha,
          uniq_robin

Skill      XL: |  1  2  3 |
---------------+----------+-----
Short Blades   | 1 |  1.1
Armour         | 1 |  1.1
Fighting       | |  0.4
Dodging        | |  1.7
Stealth        | |  3.4
Spellcasting   | |  3.3
Conjurations   | |  1.1
Summonings     | |  1.0
Translocations | |  1.0

Action                   || total
-------------------------++-------
Melee: Dagger            ||   108
 Cast: Magic Dart        ||    30
  Use: Scroll            ||     3
       Potion            ||     1
 Stab: Sleeping          ||     1
Armor: Leather armour    ||    24
Dodge: Dodged            ||    75

Table legend: (Time is in decaauts)
 A = Elapsed time spent in this place.
 B = Non-inter-level travel time spent in this place.
 C = Inter-level travel time spent in this place.
 D = Time resting spent in this place.
 E = Time spent auto-exploring this place.
 F = Levels seen in this place.
 G = Mean time per level.
                   A        B        C        D        E       F      G
               +--------+--------+--------+--------+--------+-----+--------+
         Total |   2358 |   2358 |      0 |    984 |    800 |   2 | 1179.0 |
       Dungeon |   2358 |   2358 |      0 |    984 |    800 |   2 | 1179.0 |
               +--------+--------+--------+--------+--------+-----+--------+

Top non-repeatable levels by time:
     D:1: 1718 daAuts
     D:2: 639 daAuts
